 Dungeon Crawl Stone Soup version 0.29-a0-234-g0dae59b3db (webtiles) character file.

Game seed: 7305738775076775039

16 spaghetti the Charlatan (level 2, -5/24 HPs)
             Began as a Demigod Artificer on Mar 4, 2022.
             Slain by an iron imp (9 damage)
             ... summoned by Natasha
             ... on level 2 of the Dungeon.
             The game lasted 00:00:45 (516 turns).

spaghetti the Charlatan (Demigod Artificer)          Turns: 516, Time: 00:00:46

Health: -5/24      AC:  3    Str: 13    XL:     2   Next: 24%
Magic:  4/4        EV: 11    Int: 13    God:
Gold:   30         SH:  0    Dex: 14    Spells: 1/1 levels left

rFire   . . .      SeeInvis .   a - +0 club {mace}
rCold   . . .      Faith    .   (no shield)
rNeg    . . .      Spirit   .   b - +0 leather armour
rPois   .          Reflect  .   (no helmet)
rElec   .          Harm     .   (no cloak)
rCorr   .          Rampage  .   (no gloves)
Will    .....                   (no boots)
Stlth   +.........              (no amulet)
HPRegen 0.08/turn               (no ring)
MPRegen 0.09/turn               (no ring)

@: no status effects
A: high MP 1, forlorn, divine attributes
a: no special abilities


You were on level 2 of the Dungeon.
You visited 1 branch of the dungeon, and saw 2 of its levels.

You collected 30 gold pieces.


Innate Abilities, Weirdness & Mutations

You have an increased reservoir of magic. (+10% MP)
You shall have no god before yourself.
Your divine heritage dramatically boosts your attributes as you level up.


   Skills:
 + Level 2.2 Fighting
 - Level 1.7 Armour
 - Level 0.8 Dodging
 - Level 0.8 Stealth
 - Level 2.6 Evocations


You had one spell level left.
You didn't know any spells.
Your spell library was empty.

Inventory:

Hand Weapons
 a - a +0 club (weapon) {mace}
Armour
 b - a +0 leather armour (worn)
Wands
 c - a wand of flame (12) (quivered)
 d - a wand of charming (13)
Miscellaneous
 e - a piece from Xom's chessboard (12/15)

Dungeon Overview and Level Annotations

Branches:
Dungeon (2/15)

Annotations:
D:2 Natasha

#.# #.# #.#
#5# #5# #h#
#### #5#
...?.##@#
#.....#####
#.........#
#########.#
#.# #.# #.#
#.# #.#


You could see 2 iron imps, Natasha (fast) and a white imp (summoned).


Message History

You kill the adder!
Your Fighting skill increases to level 2!
You have reached level 2! 😱 HP[+2] MP[+1]
You now have 24 max hp (+8).
You regained 2 hp, and now have 4/24 hp.
Your mp is fully restored (4).
You start resting. 😎 HP[+20]
Your hp is fully restored (24).
Things that are here:
a +0 dagger {short}; a kobold skeleton
There is a stone staircase leading up here.
You now have 30 gold pieces (gained 13).
A ball python comes into view.
A ball python is nearby!
A ball python is nearby!
The ball python bites you but does no damage.
The ball python misses you.
The ball python bites you but does no damage.
The ball python closely misses you.
You closely miss the ball python. The ball python closely misses you.
The ball python barely misses you.
You barely miss the ball python.
The ball python bites you but does no damage.
The ball python grabs you. The ball python constricts you.
The ball python bites you but does no damage.
The ball python constricts you.
You hit the ball python. The ball python barely misses you.
The ball python constricts you.
You barely miss the ball python. The ball python barely misses you.
The ball python constricts you. The ball python barely misses you.
The ball python constricts you.
You closely miss the ball python.
The ball python bites you but does no damage.
The ball python constricts you. 😕 HP[-1]
You take 1 damage, and now have 23/24 hp.
You barely miss the ball python. The ball python bites you.
The ball python constricts you. The ball python barely misses you.
The ball python constricts you. 😮 HP[-5]
You take 5 damage, and now have 18/24 hp.
MASSIVE DAMAGE!! (PAUSE)
You are too injured to fight recklessly!
You are too injured to fight recklessly!
You are too injured to fight recklessly!
You are too injured to fight recklessly!
You are too injured to fight recklessly!
You are too injured to fight recklessly!
You are too injured to fight recklessly!
You are too injured to fight recklessly!
You are too injured to fight recklessly!
You hit the ball python but do no damage.
The ball python bites you. The ball python constricts you.
The ball python barely misses you.
The ball python constricts you. 😮 HP[-1]
You take 1 damage, and now have 17/24 hp.
You hit the ball python.
You kill the ball python! 😮 HP[+1]
You start resting. 😎 HP[+6]
Your hp is fully restored (24).
Key pressed, stopping explore.
Natasha, Servant of Life and Death comes into view.
Natasha mumbles some strange words.
You hit the iron imp. The iron imp hits you. 😕 HP[-5]
You take 5 damage, and now have 19/24 hp.
MASSIVE DAMAGE!! (PAUSE)
You hit the iron imp but do no damage. The iron imp hits you. 😮 HP[-2]
You take 2 damage, and now have 17/24 hp.
You hit the iron imp. The iron imp hits you!
* * * LOW HITPOINT WARNING * * *
Natasha casts a spell.
The iron imp hits you but does no damage. 😨 HP[-10]
You take 10 damage, and now have 7/24 hp.
MASSIVE DAMAGE!! (PAUSE)
You hit the iron imp but do no damage.
The iron imp shouts, "Remove thy stench, thou rough-hewn hasty-witted malt-worm!"
The iron imp hits you.
* * * LOW HITPOINT WARNING * * *
😱 HP[-4]
You take 4 damage, and now have 3/24 hp.
You make a move on Xom's chessboard...
Natasha seems to speed up. 😱 HP[+1]
Aiming: Charm
Press: ? - help, Shift-Dir - straight line, f - iron imp
Aim: an iron imp (heavily wounded, summoned, chance to affect: 64%)
The iron imp struggles to resist.
Natasha mumbles some strange words.
The iron imp hits you but does no damage.
You make a move on Xom's chessboard...
Natasha resists with significant effort.
The iron imp hits you!
You die...

Skill      XL: |  1 |
---------------+----+-----
Fighting       | 2 |  2.2
Armour         | |  1.7
Dodging        | |  0.8
Stealth        | |  0.8
Evocations     | |  2.6

Action                   || total
-------------------------++-------
Melee: Club              ||    22
Evoke: Wand              ||     5
       Piece from Xom's  ||     3
Armor: Leather armour    ||    10
Dodge: Dodged            ||    14

Levels and vault maps discovered:
D:1:      sevenhm_arrival_forest_fort_small_3, layout_basic,
          hellmonk_ecumenical_altar_blasted, minmay_tromino_v4_c
D:2:      layout_loops_ring, uniq_natasha

Notes
Turn   | Place    | Note
-------+----------+-------------------------------------------
     0 | D:1      | spaghetti the Demigod Artificer began the quest for the
                  | Orb.
     0 | D:1      | Reached XP level 1. HP: 15/15 MP: 3/3
     0 | D:1      | magus.rc [v1.9.6]
    15 | D:1      | Reached skill level 1 in Fighting
   134 | D:2      | HP: 2/16 [adder (4)]
   136 | D:2      | Reached skill level 2 in Fighting
   136 | D:2      | Reached XP level 2. HP: 4/24 MP: 4/4
   507 | D:2      | Noticed Natasha
   513 | D:2      | HP: 3/24 [iron imp[Natasha] (4)]
   516 | D:2      | Slain by an iron imp

Vanquished Creatures
  An adder (D:2)
  A ball python (D:2)
  A bat (D:1)
  A goblin (D:1)
  A frilled lizard (D:1)
  A kobold (D:2)
6 creatures vanquished.

Vanquished Creatures (collateral kills)
  An endoplasm (D:1)
1 creature vanquished.

Grand Total: 7 creatures vanquished

Table legend:
 A = Non-vault XP
 B = Vault XP
 C = Vault XP percentage of total XP
 D = Non-vault monster count
 E = Vault monster count
 F = Vault count percentage of total count
                 A         B        C        D         E       F
            +---------+---------+-------+---------+---------+-------
      Total |      23 |       0 |   0.0 |       7 |       0 |   0.0
            +---------+---------+-------+---------+---------+-------
        D:1 |       7 |       0 |   0.0 |       4 |       0 |   0.0
        D:2 |      16 |       0 |   0.0 |       3 |       0 |   0.0
            +---------+---------+-------+---------+---------+-------

Illustrated notes

Table legend:
 A = Kills in this place as a percentage of kills in entire the game.
 B = Kills by you in this place as a percentage of kills by you in the entire game.
 C = Kills by friends in this place as a percentage of kills by friends in the entire game.
 D = Other kills in this place as a percentage of other kills in the entire game.
 E = Experience gained in this place as a percentage of experience gained in the entire game.
 F = Experience gained in this place divided by the number of levels of this place that you have seen.
                   A       B       C       D       E      F
               +-------+-------+-------+-------+-------+----------------------
         Total | 100.0 | 100.0 | 100.0 |   N/A | 100.0 |  11.5
       Dungeon | 100.0 | 100.0 | 100.0 |   N/A | 100.0 |  11.5
               +-------+-------+-------+-------+-------+----------------------

Table legend: (Time is in decaauts)
 A = Elapsed time spent in this place.
 B = Non-inter-level travel time spent in this place.
 C = Inter-level travel time spent in this place.
 D = Time resting spent in this place.
 E = Time spent auto-exploring this place.
 F = Levels seen in this place.
 G = Mean time per level.
                   A        B        C        D        E       F      G
               +--------+--------+--------+--------+--------+-----+--------+
         Total |    522 |    522 |      0 |    316 |    122 |   2 |  261.0 |
       Dungeon |    522 |    522 |      0 |    316 |    122 |   2 |  261.0 |
               +--------+--------+--------+--------+--------+-----+--------+

Top non-repeatable levels by time:
     D:2: 387 daAuts
     D:1: 135 daAuts
